 Dungeon Crawl Stone Soup version 0.29.0-15-g675c0067aa (webtiles) character file.

Game seed: 5172504576056092975

36 magus244 the Trooper (level 3, -1/33 HPs)
             Began as a Draconian Chaos Knight on Sept 11, 2022.
             Was a Plaything of Xom.
             Killed from afar by Sigmund (7 damage)
             ... with a puff of flame
             ... on level 2 of the Dungeon.
             The game lasted 00:20:11 (1096 turns).

magus244 the Trooper (Draconian Chaos Knight)       Turns: 1096, Time: 00:20:11

Health: -1/33      AC:  5    Str: 16    XL:     3   Next: 19%
Magic:  3/3        EV: 27    Int: 12    God:    Xom [.*....]
Gold:   45         SH:  0    Dex: 10    Spells: 2/2 levels left

rFire   . . .      SeeInvis .   a - +0 hand axe (chaos)
rCold   . . .      Faith    .   (no shield)
rNeg    . . .      Spirit   .   (body armour unavailable)
rPois   .          Reflect  .   (helmet restricted)
rElec   .          Harm     .   (no cloak)
rCorr   .          Rampage  .   (no gloves)
Will    .....                   (no boots)
Stlth   +.........              h - amulet of the acrobat
HPRegen 0.11/turn               (no ring)
MPRegen 0.08/turn               (no ring)

@: acrobatic
A: AC +5, unfitting armour, cold-blooded
a: Renounce Religion


You were on level 2 of the Dungeon.
You worshipped Xom.
You were a plaything of Xom.
You visited 1 branch of the dungeon, and saw 2 of its levels.

You collected 45 gold pieces.

Inventory:

Hand Weapons
 a - a +0 hand axe of chaos (weapon)
 d - a +1 vorpal long sword
 e - a +0 short sword of venom
Missiles
 c - 2 boomerangs
Jewellery
 h - an amulet of the acrobat (around neck)
Scrolls
 g - 2 scrolls of identify
Potions
 f - a potion of resistance
Miscellaneous
 b - a piece from Xom's chessboard (12/15) (quivered)


   Skills:
 + Level 3.9 Fighting
 + Level 3.5 Axes
 + Level 2.5 Dodging
 + Level 0.1 Stealth


You had 2 spell levels left.
You didn't know any spells.
Your spell library was empty.

Dungeon Overview and Level Annotations

Branches:
Dungeon (2/15)

Altars:

Annotations:
D:2 Sigmund


Innate Abilities, Weirdness & Mutations

Your plain brown scales are hard. (AC +5)
You cannot fit into any form of body armour.
You are cold-blooded and may be slowed by cold attacks.


Message History

Found a stone staircase leading down.
You hit the rat. You freeze the rat.
You kill the rat!
A goblin comes into view. It is wielding a +0 club.
Found a scroll of teleportation.
The goblin shouts!
You hear a shout!
You hit the goblin.
The goblin is moderately wounded.
The goblin closely misses you.
Sigmund the Dreaded comes into view.
He is wielding a +0 scythe and carrying a wand of flame (18).
You slash the goblin! You burn the goblin.
You kill the goblin!
You make a move on Xom's chessboard...
Sigmund resists with significant effort.
Sigmund zaps a wand.
The puff of flame hits you.
You make a move on Xom's chessboard...
Sigmund resists with significant effort.
Xom's power flows through you! The air shimmers briefly around you.
Sigmund is suddenly surrounded by pale red light.
Sigmund misses you. Sigmund closely misses you.
Sigmund gestures wildly while chanting.
Sigmund flickers and vanishes!
Deactivating autopickup; reactivate with Ctrl-A.
Something misses you.
No target in view!
Something hits you. Something hits you!
You hear a zap.
A puff of flame appears from out of thin air!
The puff of flame hits you!
You make a move on Xom's chessboard...
Nothing appears to happen.
A magic dart appears from out of thin air!
The magic dart hits you!
* * * LOW HITPOINT WARNING * * *
You hear a zap.
A puff of flame appears from out of thin air!
The puff of flame hits you!
You die...

#.####.# #.# #.# #.#
#># #.# #.#
##.####.##
.........#
...########.########
........# #..†...>.#
#@# #..#####.# #.#
#..# #. #.# #..#
#..###.###..#
#.?....{....#
#..##...##.##
##.........#
#..........#
#.........##


There were no monsters in sight!

Vanquished Creatures
  A dart slug (D:1)
  4 ball pythons
  3 endoplasms (D:1)
  2 giant cockroaches (D:1)
  2 hobgoblins (D:1)
  2 jackals (D:1)
  A quokka (D:1)
  2 bats (D:1)
  2 frilled lizards (D:1)
  6 goblins
  3 kobolds
  3 rats
31 creatures vanquished.

Vanquished Creatures (others)
  A ball python zombie (D:1)
1 creature vanquished.

Grand Total: 32 creatures vanquished

Notes
Turn   | Place    | Note
-------+----------+-------------------------------------------
     0 | D:1      | magus244 the Draconian Chaos Knight began the quest for the
                  | Orb.
     0 | D:1      | Reached XP level 1. HP: 19/19 MP: 1/1
   164 | D:1      | XOM: silly message
   166 | D:1      | Reached XP level 2. HP: 23/26 MP: 2/2
   341 | D:1      | XOM: silly message
   665 | D:1      | Reached XP level 3. HP: 33/33 MP: 3/3
   893 | D:1      | XOM: scenery: summon butterflies
  1017 | D:2      | XOM: 3-stop teleportation journey
  1066 | D:2      | Noticed Sigmund
  1069 | D:2      | XOM: cast spell 'Dispersal'
  1096 | D:2      | Killed from afar by Sigmund

Illustrated notes

Levels and vault maps discovered:
D:1:      roderic_chinese_lattice_arrival, layout_loops_ring
D:2:      layout_loops_ring, shapermc_ecumenical_altar_rom_forum, basic_altar,
          uniq_jessica, uniq_sigmund

Action                   || total
-------------------------++-------
Melee: Hand axe          ||    76
       Tailslap          ||     4
       Punch             ||     2
Evoke: Piece from Xom's  ||     3
  Use: Scroll            ||     5
       Potion            ||     4
Armor: Skin              ||    18
Dodge: Dodged            ||    55
